 Dungeon Crawl Stone Soup version 0.29.0-10-g45618ea6d2 (webtiles) character file.

Game seed: 12583967608078047040

13623 sanka the Grappler (level 11, -15/107 HPs)
             Began as a Troll Monk on Sept 1, 2022.
             Was a High Priest of Okawaru.
             Demolished by a meliai
             ... wielding a +0 war axe
              (28 damage)
             ... on level 13 of the Dungeon.
             The game lasted 00:20:22 (9985 turns).

sanka the Grappler (Troll Monk)                     Turns: 9985, Time: 00:20:23

Health: -15/107    AC: 15    Str: 25    XL:     11   Next: 78%
Magic:  0/15       EV: 15    Int:  6    God:    Okawaru [*****.]
Gold:   519        SH:  0    Dex: 12    Spells: 10/10 levels left

rFire   . . .      SeeInvis .   b - +4 broad axe (flame)
rCold   . . .      Faith    .   (no shield)
rNeg    . . .      Spirit   +   J - +0 acid dragon scales
rPois   .          Reflect  .   V - +2 hat {Stlth+}
rElec   .          Harm     .   a - +0 cloak
rCorr   +          Rampage  .   (gloves unavailable)
Will    .....                   (boots unavailable)
Stlth   ++........              T - amulet of guardian spirit
HPRegen 1.07/turn               l - +4 ring of evasion
MPRegen 0.14/turn               r - +4 ring of protection

@: mighty, finesse-ful
A: large, unfitting armour, claws 3, regeneration 1, shaggy fur 1, tough skin 1
a: Renounce Religion, Heroism, Finesse, Duel


You were on level 13 of the Dungeon.
You worshipped Okawaru.
Okawaru was extremely pleased with you.
You visited 2 branches of the dungeon, and saw 14 of its levels.
You also visited: Sewer.

You collected 964 gold pieces.
You spent 445 gold pieces at shops.


Innate Abilities, Weirdness & Mutations

You are too large for most types of armour.
You have claws for hands.
Your natural rate of healing is unusually fast.
You are covered in fur. (AC +1)
You have tough skin. (AC +1)


   Skills:
 + Level 6.9 Fighting
 + Level 6.9 Dodging
 - Level 1.0 Stealth
 + Level 14.1 Unarmed Combat
 + Level 6.9 Invocations


You had 10 spell levels left.
You didn't know any spells.
Your spell library contained the following spells:

 Spells                   Type           Power      Damage    Failure   Level
 Magic Dart               Conj           0%         1d3       52%         1
 Necrotise                Necr           0%         1d4       52%         1
 Sting                    Tmut/Pois      0%         1d3       52%         1
 Poisonous Vapours        Pois/Air       0%         N/A       67%         2
 Searing Ray              Conj           0%         2d4       67%         2
 Sublimation of Blood     Necr           0%         N/A       67%         2
 Ignite Poison            Fire/Tmut/Pois 0%         N/A       88%         3
 Vampiric Draining        Necr           0%         2d6       88%         3
 Fulminant Prism          Conj/Hex       0%         3d6       99%         4
 Olgreb's Toxic Radiance  Pois           0%         N/A       99%         4
 Petrify                  Tmut/Erth      0%         N/A       99%         4
 Sticky Flame             Conj/Fire      0%         2d3       99%         4
 Agony                    Necr           0%         N/A       100%        5
 Irradiate                Conj/Tmut      0%         3d11      100%        5
 Borgnjor's Revivificati  Necr           0%         N/A       100%        8
 Necromutation            Tmut/Necr      0%         N/A       100%        8
 Death's Door             Necr           0%         N/A       100%        9

Inventory:

Hand Weapons
 b - a +4 broad axe of flaming (weapon)
Missiles
 C - a curare-tipped dart {=f}
 E - 6 throwing nets {=f}
Armour
 a - a +0 cloak (worn)
 J - +0 acid dragon scales (worn)
 V - a +2 hat of stealth (worn)
Magical Staves
 f - a staff of fire
Jewellery
 i - a ring of poison resistance
 l - a +4 ring of evasion (left claw)
 q - a +6 ring of intelligence
 r - a +4 ring of protection (right claw)
 B - a ring of magical power
 T - an amulet of guardian spirit (around neck)
Wands
 w - a wand of charming (11)
 F - a wand of flame (35)
 H - a wand of acid (9)
 L - a wand of iceblast (9)
Scrolls
 g - 7 scrolls of teleportation {@r4}
 k - 4 scrolls of vulnerability {!r}
 m - 6 scrolls of enchant armour
 o - 2 scrolls of noise {!r}
 p - a scroll of acquirement {unknown}
 t - 3 scrolls of blinking
 y - 3 scrolls of fog
 A - 2 scrolls of fear
 M - a scroll of torment {!r}
 N - a scroll of magic mapping {unknown}
 O - 2 scrolls of brand weapon {unknown}
 P - a scroll of summoning {unknown}
 Q - a scroll of immolation {unknown}
 R - 2 scrolls of silence {!r}
Potions
 c - 2 potions of might
 d - 10 potions of curing {@q1}
 e - a potion of invisibility {unknown}
 h - 5 potions of lignification {!q}
 j - 4 potions of berserk rage {unknown}
 n - 2 potions of degeneration {unknown}
 s - a potion of resistance {unknown}
 u - a potion of flight
 v - 3 potions of haste {@q3}
 x - 2 potions of cancellation
 z - a potion of mutation {unknown}
 D - 3 potions of attraction {unknown}
 G - 2 potions of brilliance {unknown}
 I - 2 potions of ambrosia
 U - 2 potions of heal wounds {unknown}

Dungeon Overview and Level Annotations

Branches:
Dungeon (13/15)            Temple (1/1) D:7            Lair (0/5) D:9
    Orc (0/2) D:10          Sewer (visited)
 Vaults: D:13-14

Altars:
Ashenzari
Cheibriados
Dithmenos
Elyvilon
Fedhas
Gozag
Hepliaklqana
Kikubaaqudgha
Makhleb
Nemelex Xobeh
Okawaru
Qazlal
Ru
Sif Muna
Trog
Uskayaw
Vehumet
Wu Jian
Xom
Yredelemnul
Zin
The Shining One

Shops:
D:1 !(*[!   D:2 :

Annotations:
D:4 4 runed translucent doors, Crazy Yiuf; shugdite's ghost, amateur MiFi
D:11 Urug

▒.▒ ▒ ▒.▒ .▒
▒.▒ .▒ ▒.▒▒▒.▒
▒.....▒
▒.▒...▒
▒▒▒▒▒▒▒..)▒
▒▒▒▒▒▒▒▒▒
▒......▒▒▒▒
▒.....)T▒
▒.▒▒▒▒.▒
▒.▒▒▒▒▒y▒ ▒.▒
▒.▒ ▒.▒
▒B▒▒▒▒▒.▒▒▒▒.▒
▒.▒
▒R.°°yy...▒▒.▒
▒.▒
▒▒▒▒▒▒▒...▒▒..
▒.▒▒▒▒▒▒▒▒
▒▒▒▒▒▒▒▒
▒.........
▒▒▒▒▒▒▒▒▒▒


You could see a boulder beetle, a rakshasa and a meliai (strong).


Message History

The meliai drinks a potion.
The meliai seems to grow stronger.
You slice the meliai!! You burn the meliai!
You kill the meliai!
Okawaru accepts your kill.
You feel very sick.
A rakshasa comes into view. It is wielding a +0 whip.
Unknown command.
You hit the meliai. You burn the meliai. You claw the meliai!
The meliai is severely wounded.
You feel very sick. The meliai hits you with a +0 war axe!
* * * LOW HITPOINT WARNING * * *
The meliai closely misses you.
The meliai calls down the wrath of its god upon you.
Something smites you!
* * * LOW HITPOINT WARNING * * *
You barely miss the meliai.
The meliai is severely wounded.
* * * LOW HITPOINT WARNING * * *
You feel sick. The meliai misses you.
The meliai stings you but does no damage.
Unknown command.
You feel like a meek peon again. The meliai hits you with a +0 war axe!!
You die...

Action                   |  1- 3 |  4- 6 |  7- 9 | 10-12 || total
-------------------------+-------+-------+-------+-------++-------
Melee: Unarmed           |    73 |   107 |   338 |   329 ||   847
       Punch             |     1 |     6 |    13 |    28 ||    48
       Broad axe         |       |       |       |    48 ||    48
Invok: Heroism           |       |       |       |    10 ||    10
       Finesse           |       |       |       |     1 ||     1
Evoke: Wand              |       |       |       |     2 ||     2
  Use: Scroll            |       |       |       |    11 ||    11
       Potion            |       |       |       |     3 ||     3
 Stab: Sleeping          |     4 |     2 |     1 |       ||     7
Armor: Robe              |    18 |    24 |    88 |    17 ||   147
       Acid dragon scale |       |       |       |   120 ||   120
       Steam dragon scal |       |       |       |     7 ||     7
Dodge: Dodged            |    35 |    75 |   198 |   244 ||   552

Levels and vault maps discovered:
D:1:      minmay_arrival_five_plusses, layout_loops_corners, serial_shops,
          nicolae_shop_overgrown_old_shop, nicolae_shop_crystal, shop,
          nicolae_diamond_shop, shop_statue, kennysheep_another_room
D:2:      layout_rooms, nicolae_shop_vocational, uniq_terence
D:3:      layout_basic, mainiacjoe_overflow_paths,
          chequers_ecumenical_altar_island, minmay_misc_feat_plants
D:4:      minmay_bubble_buster, layout_rooms, gammafunk_ghost_split,
          portal_sewer_entry_d, uniq_pikel, uniq_crazy_yiuf_cottage
D:5:      layout_loops_cross, uniq_menkaure, uniq_sigmund, uniq_blork_the_orc
D:6:      layout_basic, makhleb_altar_promises_db, minmay_misc_feat_roman,
          st_stairs_11, minmay_crystal_room, grunt_decor_resistance,
          uniq_eustachio, uniq_prince_ribbit1
D:7:      layout_cave_pools, lemuel_temple_firewalk_b
D:8:      layout_rooms, serial_rivers, chequers_serial_rivers_large_b,
          chequers_serial_rivers_micro_a, chequers_serial_rivers_micro_a,
          chequers_serial_rivers_micro_a, chequers_serial_rivers_micro_c,
          chequers_serial_rivers_room_b, hangedman_misty_isle, uniq_maggie,
          uniq_maurice
D:9:      layout_irregular_city, nemelex_xobeh_ov_fountains_minmay,
          grunt_lair_entry_orc_guard_hut, hangedman_decor_slide_cut,
          grunt_ogre_cave, dilly_guarded_unrand_morg
D:10:     layout_basic, orc_0_dummy, grunt_ministairs_2, minivault_15,
          serial_nicolae_subway, nicolae_sub_station_stone,
          nicolae_sub_station_crystal, nicolae_sub_station_metal
D:11:     layout_roguey, uniq_urug
D:12:     layout_stronghold, nicolae_wu_jian_glorious_leap
D:13:     layout_basic, uniq_josephine
Temple:   hellmonk_temple_divided_pantheon

Notes
Turn   | Place    | Note
-------+----------+-------------------------------------------
     0 | D:1      | sanka the Troll Monk began the quest for the Orb.
     0 | D:1      | Reached XP level 1. HP: 22/22 MP: 0/0
    54 | D:1      | Found Ymiroir's Antique Armour Emporium.
   202 | D:1      | Reached XP level 2. HP: 29/29 MP: 1/1
   212 | D:1      | Found Faula's Weapon Emporium.
   287 | D:1      | Found Guaqireh's Assorted Antiques.
   337 | D:1      | Found Gacacw's Distillery.
   348 | D:1      | Bought a potion of curing for 30 gold pieces
   348 | D:1      | Bought a potion of lignification for 30 gold pieces
   497 | D:1      | Reached skill level 4 in Unarmed Combat
   673 | D:1      | Found Ziehex's Distillery.
   981 | D:2      | Reached XP level 3. HP: 35/36 MP: 2/2
   996 | D:2      | Noticed Terence
  1183 | D:2      | Reached skill level 5 in Unarmed Combat
  1183 | D:2      | Reached XP level 4. HP: 13/44 MP: 3/3
  1297 | D:2      | Found Qouddoit's Vocational Training.
  1311 | D:2      | Killed Terence
  1591 | D:2      | Reached XP level 5. HP: 50/50 MP: 4/4
  1645 | D:3      | Reached skill level 6 in Unarmed Combat
  1684 | D:3      | Found an ornate altar of the Wu Jian Council.
  2010 | D:3      | Identified the +2 long sword "Athor" {holy, Int+3 Dex+3}
  2023 | D:3      | Found a faded altar of an unknown god.
  2360 | D:4      | Noticed a lemure
  2360 | D:4      | Noticed a lemure
  2362 | D:4      | Noticed Pikel
  2365 | D:4      | Noticed a lemure
  2370 | D:4      | Noticed a lemure
  2375 | D:4      | HP: 4/50 [Pikel/+0 whip of electrocution (4)]
  2378 | D:4      | Killed Pikel
  2379 | D:4      | Reached skill level 8 in Unarmed Combat
  2379 | D:4      | Reached XP level 6. HP: 7/59 MP: 5/5
  2379 | D:4      | Reached XP level 7. HP: 8/66 MP: 6/6
  2385 | D:4      | HP: 6/66 [poisoned by an adder]
  2502 | D:4      | Reached skill level 9 in Unarmed Combat
  2600 | D:4      | Found a runed translucent gate.
  2601 | D:4      | Found a runed translucent gate.
  2603 | D:4      | Noticed shugdite's ghost (amateur MiFi)
  2604 | D:4      | Found a runed translucent gate.
  2704 | D:4      | Found a glowing drain.
  2713 | Sewer    | Entered a sewer
  2981 | Sewer    | Reached XP level 8. HP: 74/74 MP: 7/7
  2985 | Sewer    | Reached skill level 10 in Unarmed Combat
  3355 | D:4      | Found a runed translucent door.
  3356 | D:4      | Noticed Crazy Yiuf
  3485 | D:5      | Entered Level 5 of the Dungeon
  3535 | D:5      | Noticed Sigmund
  3549 | D:5      | Killed Sigmund
  3591 | D:5      | Reached skill level 11 in Unarmed Combat
  3645 | D:5      | Noticed Blork the orc
  3653 | D:5      | Killed Blork the orc
  3853 | D:5      | Noticed Menkaure
  3862 | D:5      | Killed Menkaure
  3863 | D:5      | Reached skill level 12 in Unarmed Combat
  3919 | D:5      | Reached XP level 9. HP: 80/80 MP: 8/8
  4174 | D:6      | Noticed Prince Ribbit
  4184 | D:6      | Killed Prince Ribbit
  4185 | D:6      | Reached skill level 1 in Invocations
  4228 | D:6      | Noticed Eustachio
  4241 | D:6      | Killed Eustachio
  4242 | D:6      | Reached skill level 3 in Dodging
  4301 | D:6      | Reached skill level 3 in Fighting
  4326 | D:6      | Identified the +1 pair of gloves of Pahur {+Blink Str-3
                  | Int+8}
  4469 | D:6      | Reached skill level 2 in Invocations
  4704 | D:6      | Found a burning altar of Makhleb.
  4970 | D:6      | Noticed an Executioner
  4973 | D:6      | Noticed a smoke demon
  5568 | D:1      | Bought a potion of haste for 110 gold pieces
  5568 | D:1      | Bought a potion of haste for 110 gold pieces
  5568 | D:1      | Bought a potion of cancellation for 88 gold pieces
  5568 | D:1      | Bought a potion of might for 44 gold pieces
  5706 | D:7      | Reached skill level 3 in Invocations
  5713 | D:7      | Identified the amulet "Xosye" {Harm Regen+}
  5748 | D:7      | Reached skill level 4 in Fighting
  5748 | D:7      | Reached skill level 4 in Dodging
  5968 | D:7      | Found a staircase to the Ecumenical Temple.
  6019 | Temple   | Entered the Ecumenical Temple
  6019 | Temple   | Found a transporter.
  6019 | Temple   | Found a transporter.
  6021 | Temple   | Found a transporter.
  6021 | Temple   | Found a transporter.
  6047 | Temple   | Became a worshipper of Warmaster Okawaru
  6047 | Temple   | Reached * piety under Okawaru
  6047 | Temple   | Reached ** piety under Okawaru
  6451 | D:8      | Reached XP level 10. HP: 93/93 MP: 11/11
  6523 | D:8      | Identified +0 steam dragon scales
  6604 | D:8      | Reached skill level 4 in Invocations
  6637 | D:8      | Identified +0 acid dragon scales
  6637 | D:8      | Noticed Maggie
  6653 | D:8      | Killed Maggie
  6683 | D:8      | Reached *** piety under Okawaru
  6683 | D:8      | Identified +0 steam dragon scales
  6699 | D:8      | Reached skill level 13 in Unarmed Combat
  6860 | D:8      | Noticed Maurice
  6909 | D:8      | Reached skill level 5 in Dodging
  6912 | D:8      | Reached skill level 5 in Fighting
  6943 | D:8      | Killed Maurice
  7136 | D:8      | Got the Precepts of Venomous Heat
  7289 | D:9      | Reached skill level 5 in Invocations
  7370 | D:9      | Found a sparkling altar of Nemelex Xobeh.
  7608 | D:9      | Reached **** piety under Okawaru
  7821 | D:9      | Found a staircase to the Lair.
  7862 | D:9      | Noticed a death knight
  7863 | D:9      | Found the +4 dagger "Morg" {pain, Will+ Int+5}
  7925 | D:9      | Killed a death knight
  7926 | D:9      | Reached XP level 11. HP: 40/105 MP: 12/14
  8161 | D:10     | Entered Level 10 of the Dungeon
  8166 | D:10     | Found a transporter.
  8169 | D:10     | Found a transporter.
  8220 | D:10     | Found a transporter.
  8228 | D:10     | Found a transporter.
  8533 | D:10     | Found a staircase to the Orcish Mines.
  8572 | D:10     | Found a transporter.
  8572 | D:10     | Found a transporter.
  8653 | D:10     | Noticed a two-headed ogre
  8660 | D:10     | Killed a two-headed ogre
  8661 | D:10     | Reached skill level 6 in Fighting
  8661 | D:10     | Reached skill level 6 in Dodging
  8791 | D:10     | Reached ***** piety under Okawaru
  8792 | D:10     | Reached skill level 6 in Invocations
  9084 | D:1      | Bought a potion of flight for 33 gold pieces
  9542 | D:11     | Received a gift from Okawaru
  9600 | D:11     | Noticed an eight-headed hydra
  9607 | D:11     | Noticed Urug
  9609 | D:11     | Killed a four-headed hydra
  9844 | D:12     | Found an ornate altar of the Wu Jian Council.
  9964 | D:13     | Reached skill level 14 in Unarmed Combat
  9964 | D:13     | Noticed a boulder beetle
  9973 | D:13     | Noticed a boulder beetle
  9980 | D:13     | Killed a boulder beetle
  9982 | D:13     | Noticed a rakshasa
  9983 | D:13     | HP: 4/107 [meliai/divine providence (12)]
  9985 | D:13     | Demolished by a meliai

Vanquished Creatures
  A hydra (D:11)
  A boulder beetle (D:13)
  A death knight (D:9)
  A two-headed ogre (D:10)
  Pikel (D:4)
  Maurice (D:8)
  An ice statue (D:10)
  A gargoyle (D:11)
  Maggie (D:8)
  2 unseen horrors
  2 meliai (D:13)
  A troll (D:11)
  Prince Ribbit (D:6)
  Sigmund (D:5)
  A shadow (D:11)
  A vampire (D:10)
  6 yaks
  An unseen horror simulacrum (D:9)
  Eustachio (D:6)
  3 vampire mosquitoes (D:11)
  3 steam dragons (D:8)
  Menkaure (D:5)
  4 water moccasins
  3 orc warriors
  4 black bears
  3 ice beasts
  5 sky beasts (D:8)
  3 ogres
  2 centaurs
  3 kobold brigands
  Blork the orc (D:5)
  4 necrophages
  4 bullfrogs
  4 gnoll sergeants
  2 scorpions
  15 wights
  4 killer bees (D:10)
  3 howler monkeys
  2 spectral centaurs (D:9)
  4 hounds
  A jelly (D:5)
  2 gnoll boudas
  3 orc priests
  9 iguanas
  Terence (D:2)
  8 orc wizards
  33 gnolls
  6 adders
  3 white imps
  2 worms
  2 dart slugs (D:3)
  42 orcs
  9 ball pythons
  7 bats
  9 endoplasms
  10 giant cockroaches
  6 goblins
  4 hobgoblins
  2 jackals (D:3)
  16 kobolds
  8 quokkas
  13 frilled lizards
  7 rats
306 creatures vanquished.

Vanquished Creatures (others)
  An iguana (D:7)
  A kobold (D:8)
  7 fungi (D:9)
  6 plants (D:9)
  19 withered plants (D:9)
34 creatures vanquished.

Grand Total: 340 creatures vanquished
